Map: Ulrena

Players

LilDicky

  • Race: Terran Terran
  • League: Diamond

noon - Winner!

  • Race: Terran Terran

VOD

http://www.twitch.tv/tumescentpie

Description

Time

  • Played on: Dec. 26, 2015, 7:32 p.m.
  • Length: 9:25
Show
View Real Time Build Order
Export as new Build Order

LilDicky Terran 

Build Orders: Liberator Opening 

Get SALT Encoding   

  12  0:01  SCV  
  13  0:14  SCV  
  13  0:18  Supply Depot  
  14  0:26  SCV  
  15  0:39  SCV  
  16  0:44  Barracks  
  16  0:47  Refinery  
  16  0:51  SCV  
  17  1:04  SCV  
  18  1:14  Refinery  
  18  1:18  SCV  
  19  1:30  SCV, Marine  
  21  1:33  Supply Depot  
  21  1:45  Orbital Command  
  21  1:48  Marine  
  22  1:57  Factory  
  22  2:07  Marine  
  23  2:15  SCV  
  24  2:25  Marine  
  25  2:31  SCV  
  25  2:33  Supply Depot  
  26  2:41  Factory Tech Lab  
  26  2:42  Starport  
  26  2:43  Marine  
  27  2:46  SCV  
  28  2:58  SCV  
  29  3:00  Supply Depot  
  29  3:01  Liberator  
  29  3:02  Engineering Bay  
  29  3:09  Marine  
  29  3:10  SCV, Siege Tank  
  37  3:35  Missile Turret  
  37  3:40  SCV  
  38  3:42  Supply Depot  
  38  3:43  Liberator  
  38  3:48  Siege Tank  
  41  3:56  Marine  
  41  3:57  SCV  
  41  4:01  Supply Depot  
  46  4:09  SCV  
  47  4:16  Missile Turret  
  47  4:17  Supply Depot  
  47  4:19  Marine  
  47  4:23  Siege Tank  
  51  4:36  Liberator  
  38  5:13  Siege Tank  
  40  5:26  Marine  
  41  5:30  Command Center, SCV  
  41  5:34  Supply Depot  
  42  5:45  Siege Tank  
  39  6:06  Marine  
  39  6:10  Barracks  
  40  6:11  Medivac  
  40  6:13  Barracks  
  40  6:14  Barracks  
  40  6:17  Siege Tank  
  42  6:30  SCV  
  42  6:37  Marine  
  43  6:42  SCV  
  41  6:54  SCV, Orbital Command  
  39  6:58  Missile Turret, Marine x2  
  39  7:00  Siege Tank  
  44  7:06  SCV  
  45  7:14  Starport Reactor  
  45  7:15  Refinery x2, Marine x2  
  46  7:16  Marine x2  
  46  7:18  SCV  
  50  7:28  SCV  
  51  7:30  Missile Turret  
  51  7:31  SCV  
  51  7:33  Marine  
  53  7:41  Marine x3  
  56  7:48  SCV  
  56  7:51  Viking x2  
  61  7:52  Starport  
  61  7:54  Marine  
  62  7:59  SCV, Marine x2  
  62  8:03  Cyclone  
  62  8:04  SCV, Marine  
  70  8:12  Marine  
  45  8:35  Siege Tank  
  41  8:48  Marine x3  
  40  8:56  SCV  
  38  9:03  SCV  
  38  9:09  SCV  
Show
View Real Time Build Order
Export as new Build Order

noon Terran - Winner!

Build Orders: Reaper Expand 

Get SALT Encoding   

  12  0:00  SCV  
  13  0:13  SCV  
  14  0:17  Supply Depot  
  14  0:25  SCV  
  15  0:39  SCV  
  15  0:42  Barracks  
  16  0:46  Refinery  
  16  0:51  SCV  
  17  1:03  SCV  
  18  1:16  SCV  
  19  1:28  Orbital Command  
  19  1:29  Reaper  
  20  1:46  Command Center  
  20  1:55  SCV  
  21  2:03  Supply Depot  
  21  2:07  SCV  
  22  2:16  Barracks Reactor  
  22  2:20  SCV  
  23  2:25  Factory  
  23  2:26  Supply Depot  
  23  2:32  SCV  
  23  2:33  Refinery  
  24  2:44  SCV  
  25  2:53  Marine x2  
  25  2:56  SCV  
  28  2:58  Orbital Command  
  28  3:08  SCV, Factory Tech Lab  
  28  3:09  Starport  
  29  3:20  SCV  
  29  3:24  SCV  
  29  3:26  Refinery  
  31  3:32  SCV  
  32  3:36  SCV  
  32  3:38  Marine  
  32  3:39  Marine  
  35  3:42  Factory Tech Lab  
  35  3:44  SCV  
  35  3:48  SCV  
  37  3:52  Raven  
  39  3:56  SCV, Marine x2  
  39  4:00  SCV  
  43  4:07  Siege Tank  
  43  4:08  SCV  
  47  4:12  SCV  
  47  4:13  Supply Depot  
  47  4:14  Marine x2  
  50  4:20  SCV  
  50  4:24  SCV  
  51  4:32  Marine x2  
  51  4:33  SCV  
  51  4:36  SCV  
  55  4:53  Banshee  
  56  5:01  SCV  
  56  5:02  SCV  
  53  5:14  SCV x2, Marine x2  
  55  5:17  Siege Tank  
  55  5:18  Barracks x2  
  55  5:19  Barracks  
  57  5:32  Marine x2  
  57  5:33  SCV  
  60  5:38  Viking  
  61  5:49  Siege Tank  
  60  5:50  Marine x2  
  62  6:06  Barracks Reactor  
  62  6:07  Barracks Reactor  
  62  6:08  Barracks Tech Lab  
  62  6:12  SCV  
  62  6:16  SCV  
  62  6:17  Marine  
  61  6:22  Siege Tank  
  62  6:28  Stimpack  
  62  6:29  Factory  
  62  6:36  Refinery  
  62  6:46  Marine  
  62  6:47  SCV  
  62  6:50  SCV  
  62  6:53  Command Center  
  62  6:54  Supply Depot  
  62  6:56  Supply Depot  
  62  6:57  Marine x4  
  62  6:58  Supply Depot  
  62  6:59  SCV  
  70  7:09  Engineering Bay  
  70  7:11  Engineering Bay  
  70  7:13  Siege Tank  
  70  7:16  SCV x2, Marine x2  
  70  7:19  Starport Reactor  
  70  7:20  Marine x5  
  79  7:28  SCV x2  
  81  7:31  Siege Tank  
  84  7:40  SCV x2  
  84  7:43  Supply Depot  
  84  7:44  Marine x2  
  86  7:45  Marine x3  
  86  7:46  Supply Depot  
  86  7:47  Siege Tank  
  94  8:04  Marine x2  
  94  8:05  SCV x2, Viking x2  
  102  8:08  Supply Depot  
  102  8:10  Supply Depot  
  102  8:11  Supply Depot  
  102  8:17  SCV x2  
  90  8:44  Marine  
  89  8:54  Marine x4  
  89  8:55  Marine x2  
  95  9:02  Marine  
Tags
 
Add a new tag
Caveats
  • Supply blocks, unpowered buildings, or Contaminate may cause inaccurate times.
  • Supply counts are checked every 10 seconds.